 Dungeon Crawl Stone Soup version 0.29-a0-321-gf1c400731a (webtiles) character file.

Game seed: 9960556917668548755

100425 Dabor the Frost Mage (level 15, -2/105 HPs)
             Began as a Demonspawn Ice Elementalist on Apr 5, 2022.
             Was an Initiate of Gozag.
             Killed from afar by Roxanne (52 damage)
             ... with a crystal spear
             ... on level 1 of the Shoals.
             The game lasted 01:31:17 (37951 turns).

Dabor the Frost Mage (Demonspawn Ice Elementalist) Turns: 37951, Time: 01:31:18

Health: -2/105     AC: 17    Str: 14    XL:     15   Next: 80%
Magic:  18/30      EV: 18    Int: 47    God:    Gozag
Gold:   1367       SH:  8    Dex: 18    Spells: 13/37 levels left

rFire   + . .      SeeInvis +   L - +5 flail "Efuogien" {venom, Fragile +Blink Int+8 Stlth-}
rCold   . . .      Faith    .   X - +2 buckler {AC+3}
rNeg    . . .      Spirit   .   K - +2 robe {Archmagi}
rPois   +          Reflect  .   S - +2 helmet {Int+3}
rElec   .          Harm     .   (cloak unavailable)
rCorr   +          Rampage  .   V - +3 pair of gloves of Quqas {Int+5}
Will    ++...      Archmagi +   F - +0 pair of boots "Run Zoz" {rPois Str+3 SInv Stlth-}
Stlth   ++........              t - amulet of Akhis {Acrobat rCorr Str+3}
HPRegen 0.27/turn               W - ring "Moppion" {Fly rC+ Will+ Dex+4 SInv}
MPRegen 0.22/turn               M - ring of Darkness {Fire Int+7 Stlth+}

@: on berserk cooldown, flying, hasted and slowed, studying 2 skills
A: thin metallic scales 1, ignite blood 2, spiny 2, weakness stinger 3, frail 1,
screaming 1, wild magic 1
a: Renounce Religion, Evoke Blink, Potion Petition, Call Merchant, Bribe Branch


You were on level 1 of the Shoals.
You worshipped Gozag.
Gozag was most pleased with you.
You visited 5 branches of the dungeon, and saw 24 of its levels.
You visited the Abyss 1 time.
You also visited: Sewer, Ossuary, Gauntlet and Volcano.

You collected 7810 gold pieces.
You spent 5177 gold pieces at shops.
You paid 1266 gold pieces to Gozag.

Inventory:

Hand Weapons
 L - the +5 flail "Efuogien" (weapon) {venom, Fragile +Blink Int+8 Stlth-}
   (You bought it in a shop on level 2 of the Orcish Mines)

   It poisons the flesh of those it strikes.
   Int:       It affects your intelligence (+8).
   +Blink:    It lets you blink.
   Fragile:   It will be destroyed if unequipped.
   Stlth:     It makes you less stealthy.
Missiles
 g - 12 atropa-tipped darts
Armour
 F - the +0 pair of boots "Run Zoz" (worn) {rPois Str+3 SInv Stlth-}
   (You bought it in a shop on level 2 of the Dungeon)

   Str:       It affects your strength (+3).
   rPois:     It protects you from poison.
   SInv:      It lets you see invisible.
   Stlth:     It makes you less stealthy.
 I - a +1 robe of cold resistance
 K - a +2 robe of the Archmagi (worn)
 S - a +2 helmet of intelligence (worn)
 V - the +3 pair of gloves of Quqas (worn) {Int+5}
   (You bought it in a shop on level 4 of the Lair of Beasts)

   Int:       It affects your intelligence (+5).
 X - a +2 buckler of protection (worn)
Magical Staves
 c - a staff of cold
Jewellery
 t - the amulet of Akhis (around neck) {Acrobat rCorr Str+3}
   (You acquired it on level 2 of the Dungeon)

   [amulet of the acrobat]

   It increases your evasion while moving and waiting.
   Str:       It affects your strength (+3).
   rCorr:     It protects you from acid and corrosion.
 M - the ring of Darkness (right hand) {Fire Int+7 Stlth+}
   (You acquired it on level 1 of the Lair of Beasts)

   [ring of fire]

   It enhances your fire magic.
   Int:       It affects your intelligence (+7).
   rF:        It protects you from fire.
   rC:        It makes you vulnerable to cold.
   Stlth:     It makes you more stealthy.
 O - a ring of protection from cold
 U - a ring of flight
 W - the ring "Moppion" (left hand) {Fly rC+ Will+ Dex+4 SInv}
   (You acquired it in a Gauntlet)

   [ring of see invisible]

   Dex:       It affects your dexterity (+4).
   rC:        It protects you from cold.
   SInv:      It lets you see invisible.
   Fly:       It grants you flight.
   Will:      It increases your willpower.
Wands
 p - a wand of flame (6)
 C - a wand of polymorph (7)
 N - a wand of acid (8)
 P - a wand of digging (7)
Scrolls
 d - a scroll of torment
 e - 2 scrolls of brand weapon
 f - 2 scrolls of holy word
 h - 8 scrolls of enchant weapon
 i - 3 scrolls of blinking
 s - 8 scrolls of teleportation
 x - 6 scrolls of fear
 y - 3 scrolls of enchant armour
 G - 2 scrolls of amnesia
 H - 3 scrolls of magic mapping
 Q - 3 scrolls of silence
 R - 4 scrolls of fog
 Z - a scroll of immolation
Potions
 a - 2 potions of attraction
 b - 2 potions of magic
 j - 6 potions of flight
 l - 10 potions of haste
 m - 5 potions of brilliance
 n - 3 potions of mutation
 o - 4 potions of lignification
 q - 6 potions of curing
 r - 3 potions of heal wounds
 u - 6 potions of invisibility
 v - 3 potions of berserk rage
 z - 16 potions of degeneration
 A - 4 potions of might
 B - 7 potions of ambrosia
 D - 7 potions of cancellation
 E - a potion of resistance
Miscellaneous
 J - a phantom mirror (inert)
 T - a condenser vane (inert)
 Y - a tin of tremorstones (inert)


   Skills:
 * Level 10.4 Fighting
 - Level 6.4(7.0) Maces & Flails
 - Level 4.0(5.7) Staves
 + Level 9.9 Dodging
 - Level 5.0 Stealth
 + Level 5.5 Shields
 * Level 11.6 Spellcasting
 - Level 6.4 Conjurations
 - Level 3.1 Necromancy
 - Level 5.4 Fire Magic
 + Level 14.0 Ice Magic
 - Level 8.0 Poison Magic
 - Level 4.0 Evocations


You had 13 spell levels left.
You knew the following spells:

 Your Spells              Type           Power      Damage    Failure   Level
a - Freeze                Ice            100%       1d11      1%          1
b - Frozen Ramparts       Ice            100%       1d12      1%          3
c - Ozocubu's Armour      Ice            100%       N/A       1%          3
d - Hailstorm             Conj/Ice       100%       3d20      1%          4
e - Olgreb's Toxic Radia  Pois           100%       N/A       1%          4
f - Sublimation of Blood  Necr           84%        N/A       1%          2
g - Ozocubu's Refrigerat  Ice            71%        4d19      5%          7

Your spell library contained the following spells:

 Spells                   Type           Power      Damage    Failure   Level
 Shock                    Conj/Air       100%       1d9       1%          1
 Ensorcelled Hibernation  Hex/Ice        100%       N/A       1%          2
 Spider Form              Tmut/Pois      91%        N/A       1%          3
 Blink                    Tloc           100%       N/A       3%          2
 Passwall                 Tmut/Erth      43%        N/A       3%          2
 Wereblood                Tmut           52%        N/A       3%          2
 Metabolic Englaciation   Hex/Ice        55%        N/A       3%          5
 Fireball                 Conj/Fire      63%        3d24      4%          5
 Call Canine Familiar     Summ           52%        N/A       6%          3
 Lesser Beckoning         Tloc           52%        N/A       6%          3
 Portal Projectile        Hex/Tloc       100%       N/A       6%          3
 Swiftness                Air            52%        N/A       6%          3
 Tukima's Dance           Hex            52%        N/A       6%          3
 Simulacrum               Ice/Necr       59%        N/A       9%          6
 Anguish                  Hex/Necr       34%        N/A       10%         4
 Alistair's Intoxication  Tmut/Pois      60%        N/A       10%         5
 Irradiate                Conj/Tmut      42%        3d27      13%         5
 Airstrike                Air            26%        N/A       17%         4
 Leda's Liquefaction      Hex/Erth       26%        N/A       17%         4
 Passage of Golubria      Tloc           52%        N/A       17%         4
 Petrify                  Tmut/Erth      52%        N/A       17%         4
 Starburst                Conj/Fire      63%        6d17      22%         6
 Manifold Assault         Tloc           52%        N/A       41%         5
 Yara's Violent Unravell  Hex/Tmut       26%        3d11      41%         5
 Malign Gateway           Summ/Tloc      26%        N/A       100%        7
 Storm Form               Tmut/Air       26%        N/A       100%        7
 Borgnjor's Revivificati  Necr           42%        N/A       100%        8
 Ignition                 Fire           62%        3d17      100%        8
 Infestation              Necr           42%        N/A       100%        8
 Necromutation            Tmut/Necr      34%        N/A       100%        8
 Death's Door             Necr           42%        N/A       100%        9


Dungeon Overview and Level Annotations

Branches:
Dungeon (14/15)            Temple (1/1) D:6            Lair (6/6) D:8
 Shoals (1/4) Lair:2       Spider (0/4) Lair:2        Slime (0/5) Lair:6
    Orc (2/2) D:10            Elf (0/3) Orc:2        Vaults (0/5) D:14
  Sewer (visited)         Ossuary (visited)         Volcano (visited)
Gauntlet (visited)

Altars:
Ashenzari
Cheibriados
Dithmenos
Elyvilon
Fedhas
Gozag
Hepliaklqana
Kikubaaqudgha
Makhleb
Nemelex Xobeh
Okawaru
Qazlal
Ru
Sif Muna
Trog
Uskayaw
Vehumet
Wu Jian
Xom
Yredelemnul
Zin
The Shining One

Shops:
D:2 *   D:5 *   D:10 (   D:13 :[=!   Orc:2 *[(:   Lair:4 *[

Annotations:
Shoals:1 Roxanne


Innate Abilities, Weirdness & Mutations

You are partially covered in thin metallic scales. (AC +2)
Your demonic aura often causes spilled blood to erupt in flames.
You are mostly covered in sharp spines.
You have a sharp stinger which inflicts weakening toxins.
You are frail. (-10% HP)
You occasionally shout uncontrollably at your foes.
Your spells are a little harder to cast, but a little more powerful.


Message History

Roxanne is moderately damaged.
You sock Roxanne! You tail-slap Roxanne!
Roxanne is heavily damaged.
You thump Roxanne!
Roxanne is heavily damaged.
You hit Roxanne.
You tail-slap Roxanne, but do no damage.
Roxanne is heavily damaged.
You sock Roxanne!
Roxanne is severely damaged.
You hit Roxanne but do no damage.
You tail-slap Roxanne, but do no damage.
Roxanne is severely damaged.
You are no longer berserk.
You are exhausted.
You feel yourself slow down.
Roxanne casts a spell.
You blink.
Your icy armour cracks and falls away as you move.
Okay, then.
Casting: Olgreb's Toxic Radiance (mildly dangerous; 1% risk of failure)
Confirm with . or Enter, or press ? or * to list all spells.
You feel a surge of power! A film of ice covers your body!
Aiming: Throw Flame
Press: ? - help, Shift-Dir - straight line, f/p - Roxanne
Aim: Roxanne (heavily damaged, 100% to hit)
The puff of flame hits Roxanne but does no damage.
Roxanne is heavily damaged.
Roxanne casts a spell.
You blink.
Your icy armour cracks and falls away as you move.
Aiming: Corrosive Bolt
Press: ? - help, Shift-Dir - straight line, f/p - Roxanne
Aim: Roxanne (heavily damaged, 100% to hit)
The bolt of acid hits Roxanne.
The acid corrodes Roxanne!
Roxanne is severely damaged.
Roxanne casts a spell.
The crystal spear hits you!!!
You die...
Your body crumbles into a pile of gold.

.........≈≈≈≈≈#
≈≈.$.......≈≈≈≈≈#
≈≈.......$$≈≈≈≈≈#
≈≈.......$.≈≈≈≈≈#
≈≈.........≈≈≈≈≈#
≈.......$$.≈≈≈≈≈#
..>......8.≈≈≈≈≈#
#..........≈≈≈≈≈#
#......§@.≈≈≈≈≈≈#
#........≈≈≈≈≈≈≈#
###.....≈≈≈≈≈≈≈≈≈≈#
#...#...≈≈≈≈≈≈≈≈≈≈#
##.....≈≈≈≈≈≈≈≈≈≈≈#
#....≈≈≈≈≈≈≈≈≈≈≈≈≈#
#..≈≈≈?≈≈≈≈≈≈≈≈≈≈≈#
##≈.≈≈≈≈≈≈≈≈≈≈≈≈≈≈≈#
##≈≈≈≈≈≈≈≈≈≈≈≈≈≈≈≈≈≈#


You could see Roxanne (corroded).

Vanquished Creatures
  Gastronok (Lair:2)
  An orc warlord (Orc:2)
  Louise (Shoals:1)
  A reaper (Gauntlet)
  The ghost of Westside the Bludgeoner, a journeyman MiFi of Trog (Lair:6)
  A stone giant (Volcano)
  Nessos (Lair:4)
  The ghost of Jocziv the Spry, a journeyman DjFE (Lair:3)
  A dire elephant (Lair:6)
  A minotaur (Gauntlet)
  Snorg (Lair:5)
  A merfolk impaler (Shoals:1)
  The ghost of nuaici the Cleaver, a journeyman MiFi of Makhleb (D:12)
  Fannar (D:12)
  5 hydras
  4 boulder beetles
  2 catoblepae
  7 two-headed ogres
  An ogre mage (D:12)
  6 centaur warriors
  2 orc high priests (Orc:2)
  6 death yaks (Lair:6)
  A deep troll shaman (Lair:6)
  Sonja (Lair:2)
  Urug (D:14)
  A sea snake (Shoals:1)
  Amaemon (D:8)
  An orb spider (Lair:2)
  4 orc knights (Orc:2)
  3 harpies (Shoals:1)
  A lindwurm (Lair:6)
  2 necromancers
  A deep elf pyromancer (D:14)
  3 fauns (Shoals:1)
  3 manticores
  8 ugly things
  6 cyclopes
  5 orc sorcerers (Orc:2)
  A moth of wrath (Gauntlet)
  11 elephants
  4 merfolk sirens
  A gargoyle (D:13)
  2 black mambas
  15 cane toads
  A torpor snail (Lair:6)
  An orange demon (D:8)
  Maggie (D:8)
  An unseen horror (D:13)
  5 rime drakes
  An efreet (Volcano)
  A kobold demonologist (D:11)
  12 komodo dragons
  A merfolk (Shoals:1)
  A queen bee (D:11)
  10 trolls
  6 polar bears
  A wind drake (Shoals:1)
  3 meliai (D:13)
  4 slime creatures
  7 blink frogs
  A snapping turtle (Shoals:1)
  A centaur simulacrum (D:13)
  A shadow (D:8)
  2 vampires
  2 wraiths (Ossuary)
  3 wyverns
  3 fire elementals (Volcano)
  16 humans (D:14)
  A steam dragon (D:7)
  69 yaks
  6 basilisks
  4 vampire mosquitoes (D:10)
  3 wargs
  An acid dragon (D:10)
  10 water moccasins
  Duvessa (D:4)
  3 black bears
  An ice beast (D:6)
  A swamp drake (D:10)
  20 orc warriors
  A sky beast (D:8)
  9 ogres
  21 wolves
  11 centaurs
  3 kobold brigands
  Blork the orc (D:6)
  2 necrophages
  22 bullfrogs
  A cane toad simulacrum (Lair:3)
  A gnoll sergeant (D:13)
  6 scorpions
  13 wights
  Dowan (D:4)
  A blink frog simulacrum (Lair:3)
  39 killer bees
  A dream sheep simulacrum (Lair:3)
  2 howler monkeys
  A rime drake simulacrum (Lair:3)
  A komodo dragon simulacrum (Lair:3)
  5 jellies
  2 gnoll shamans
  10 orc priests
  3 hounds
  4 hell rats (Lair:4)
  2 iguanas
  13 orc wizards
  3 yak simulacra (Lair:3)
  4 polar bear simulacra (Lair:3)
  A wolf simulacrum (Lair:3)
  2 basilisk simulacra (Lair:3)
  5 adders
  15 gnolls
  A river rat (Sewer)
  3 shadow imps
  An ufetubus (D:4)
  4 worms
  A dart slug (D:1)
  36 orcs
  8 ball pythons
  8 endoplasms
  5 giant cockroaches
  11 goblins
  14 hobgoblins
  8 jackals
  6 quokkas
  9 bats
  A hobgoblin skeleton (Ossuary)
  2 hobgoblin zombies (Ossuary)
  18 kobolds
  A kobold zombie (Ossuary)
  An orc skeleton (Ossuary)
  2 orc zombies (Ossuary)
  10 rats
  3 river rat simulacra (Lair:3)
  18 bushes (Lair:4)
  3 butterflies
708 creatures vanquished.

Vanquished Creatures (collateral kills)
  2 slime creatures (D:11)
  A hellwing (Gauntlet)
  A shadow imp (Gauntlet)
4 creatures vanquished.

Vanquished Creatures (others)
  A gnoll (Orc:2)
  60 fungi
  89 plants
150 creatures vanquished.

Grand Total: 862 creatures vanquished

Notes
Turn   | Place    | Note
-------+----------+-------------------------------------------
     0 | D:1      | Dabor the Demonspawn Ice Elementalist began the quest for
                  | the Orb.
     0 | D:1      | Reached XP level 1. HP: 13/13 MP: 3/3
   399 | D:1      | Gained mutation: You have a small tail. [demonic ancestry]
   399 | D:1      | Reached XP level 2. HP: 10/19 MP: 3/5
  1192 | D:1      | Gained mutation: You have a tail ending in a sharp stinger.
                  | [demonic ancestry]
  1192 | D:1      | Reached XP level 3. HP: 24/24 MP: 3/6
  1405 | D:1      | Learned a level 3 spell: Frozen Ramparts
  1957 | D:1      | Reached skill level 4 in Ice Magic
  2131 | D:2      | Reached skill level 1 in Evocations
  2463 | D:2      | Found a faded altar of an unknown god.
  2533 | D:2      | Gained mutation: You are partially covered in sharp spines.
                  | [demonic ancestry]
  2533 | D:2      | Reached XP level 4. HP: 30/30 MP: 3/7
  2709 | D:2      | Reached skill level 1 in Staves
  2821 | D:2      | Learned a level 3 spell: Ozocubu's Armour
  2821 | D:2      | Found Vasuapp's Assorted Antiques.
  2830 | D:2      | Bought a scroll labelled MIPEUQUMUL for 15 gold pieces
  2830 | D:2      | Bought 2 sedimented green potions for 27 gold pieces
  4060 | D:3      | Reached XP level 5. HP: 35/35 MP: 6/8
  4277 | D:4      | Noticed Duvessa
  4281 | D:4      | Noticed Dowan
  4290 | D:4      | Killed Duvessa
  4291 | D:4      | Reached XP level 6. HP: 29/41 MP: 1/10
  4291 | D:4      | Killed Dowan
  4292 | D:4      | Reached skill level 5 in Ice Magic
  4486 | D:4      | Found a glowing drain.
  4495 | Sewer    | Entered a sewer
  4811 | Sewer    | Reached XP level 7. HP: 43/46 MP: 3/12
  5140 | D:4      | Got the Almanac of Poison and Changing
  5343 | D:5      | Entered Level 5 of the Dungeon
  5588 | D:5      | Reached skill level 6 in Ice Magic
  5777 | D:5      | Found a basalt altar of Yredelemnul.
  5847 | D:5      | Found Okaorgh's Assorted Antiques.
  5916 | D:5      | Bought a lumpy puce potion for 24 gold pieces
  5916 | D:5      | Bought a scroll labelled KALUEG WUUCI for 27 gold pieces
  5916 | D:5      | Bought a viscous dark potion for 24 gold pieces
  5916 | D:5      | Bought a scroll of identify for 54 gold pieces
  6491 | D:5      | Gained mutation: Your demonic aura sometimes causes spilled
                  | blood to erupt in flames. [demonic ancestry]
  6491 | D:5      | Reached XP level 8. HP: 52/52 MP: 10/14
  6850 | D:6      | Reached skill level 7 in Ice Magic
  7591 | D:6      | Reached skill level 5 in Spellcasting
  7779 | D:6      | Reached skill level 5 in Dodging
  7852 | D:6      | Found a staircase to the Ecumenical Temple.
  7880 | D:6      | Noticed Blork the orc
  7887 | D:6      | Killed Blork the orc
  7901 | Temple   | Entered the Ecumenical Temple
  8554 | Temple   | Became a worshipper of Gozag Ym Sagoz the Greedy
  8767 | D:7      | Found a sand-covered staircase.
  8777 | Ossuary  | Entered an ossuary
  9054 | Ossuary  | Reached skill level 8 in Ice Magic
  9182 | Ossuary  | Noticed a flying skull
  9216 | Ossuary  | Noticed a flying skull
  9271 | Ossuary  | Noticed a flying skull
  9287 | Ossuary  | Gained mutation: Your demonic aura often causes spilled
                  | blood to erupt in flames. [demonic ancestry]
  9287 | Ossuary  | Reached XP level 9. HP: 57/57 MP: 11/17
 10056 | D:2      | Bought a pair of slimy boots for 142 gold pieces
 10056 | D:2      | Identified the +0 pair of boots "Run Zoz" {rPois Str+3 SInv
                  | Stlth-} (You bought it in a shop on level 2 of the Dungeon)
 10961 | D:8      | Reached skill level 9 in Ice Magic
 10968 | D:8      | Reached skill level 1 in Fighting
 10968 | D:8      | Reached skill level 1 in Conjurations
 10969 | D:8      | Reached skill level 1 in Shields
 11223 | D:8      | Reached XP level 10. HP: 64/67 MP: 11/19
 11284 | D:8      | Noticed Amaemon
 11285 | D:8      | Noticed an orange demon
 11296 | D:8      | Killed Amaemon
 11299 | D:8      | Killed an orange demon
 11541 | D:2      | Bought 2 potions of heal wounds for 150 gold pieces
 11541 | D:2      | Bought a scroll of identify for 30 gold pieces
 11541 | D:2      | Bought a glowing helmet for 112 gold pieces
 11546 | D:2      | Identified a scroll of acquirement
 11552 | D:2      | Acquired the amulet of Akhis {Acrobat rCorr Str+3}
 12120 | D:8      | Noticed Maggie
 12125 | D:8      | Killed Maggie
 12500 | D:8      | Found a staircase to the Lair.
 12617 | D:8      | Learned a level 4 spell: Hailstorm
 13152 | D:8      | Reached skill level 10 in Ice Magic
 13239 | D:8      | HP: 1/70 [vampire/vampiric draining (8)]
 13758 | D:9      | Reached XP level 11. HP: 58/75 MP: 10/21
 14540 | D:10     | Entered Level 10 of the Dungeon
 14803 | D:10     | Found a staircase to the Orcish Mines.
 15113 | D:10     | Found Hatt's Antique Weapon Emporium.
 15137 | D:10     | Bought an iridescent dagger for 210 gold pieces
 15137 | D:10     | Identified the +5 dagger of the Scorpion {vorpal, rN+} (You
                  | bought it in a shop on level 10 of the Dungeon)
 15137 | D:10     | Bought a crystal quarterstaff for 270 gold pieces
 15137 | D:10     | Identified the +5 quarterstaff "Icwy" {vorpal, rC+} (You
                  | bought it in a shop on level 10 of the Dungeon)
 16006 | D:11     | Reached skill level 11 in Ice Magic
 16194 | D:11     | Reached skill level 5 in Fighting
 16548 | D:11     | Noticed a five-headed hydra
 16553 | D:11     | Killed a five-headed hydra
 16582 | D:11     | Gained mutation: You are mostly covered in sharp spines.
                  | [demonic ancestry]
 16582 | D:11     | Reached XP level 12. HP: 80/86 MP: 8/23
 17102 | D:12     | Noticed a boulder beetle
 17108 | D:12     | Killed a boulder beetle
 17109 | D:12     | Reached skill level 5 in Shields
 17112 | D:12     | Noticed a two-headed ogre
 17121 | D:12     | Killed a two-headed ogre
 17189 | D:12     | Noticed a two-headed ogre
 17192 | D:12     | Noticed an ogre mage
 17193 | D:12     | Noticed a two-headed ogre
 17193 | D:12     | Noticed a two-headed ogre
 17202 | D:12     | Killed a two-headed ogre
 17203 | D:12     | Killed a two-headed ogre
 17203 | D:12     | Killed an ogre mage
 17208 | D:12     | Killed a two-headed ogre
 17209 | D:12     | Reached skill level 12 in Ice Magic
 17445 | D:12     | Noticed Fannar
 17486 | D:12     | Killed Fannar
 17859 | D:12     | Noticed a boulder beetle
 17897 | D:12     | Killed a boulder beetle
 18063 | D:12     | Noticed a two-headed ogre
 18069 | D:12     | Killed a two-headed ogre
 18220 | D:12     | Noticed nuaici's ghost (journeyman MiFi)
 18231 | D:12     | Found a runed translucent door.
 18287 | D:12     | Killed nuaici's ghost
 18370 | D:12     | You fall into a shaft and drop 1 floor!
 18379 | D:13     | Noticed a four-headed hydra
 18387 | D:13     | Killed a four-headed hydra
 18622 | D:13     | Noticed a centaur warrior
 18631 | D:13     | Killed a centaur warrior
 18634 | D:13     | Reached skill level 13 in Ice Magic
 18892 | D:12     | Gained mutation: You have a sharp stinger which inflicts
                  | weakening toxins. [demonic ancestry]
 18892 | D:12     | Reached XP level 13. HP: 84/93 MP: 16/26
 19843 | D:13     | Found Wepturghi's Jewellery Shop.
 19844 | D:13     | Found Kusuxul's Antique Armour Shop.
 19849 | D:13     | Found Peowanag's Book Shop.
 19849 | D:13     | Found Heephang's Distillery.
 19864 | D:13     | Bought a potion of haste for 130 gold pieces
 19864 | D:13     | Bought a potion of heal wounds for 65 gold pieces
 19864 | D:13     | Bought a potion of haste for 130 gold pieces
 19864 | D:13     | Bought a potion of curing for 39 gold pieces
 19864 | D:13     | Bought a potion of curing for 39 gold pieces
 19864 | D:13     | Bought a potion of magic for 104 gold pieces
 19872 | D:13     | Bought the Unrestrained Analects for 616 gold pieces
 19877 | D:13     | Learned a level 4 spell: Olgreb's Toxic Radiance
 20838 | D:14     | Noticed Urug
 20838 | D:14     | Found a gate to the Vaults.
 20846 | D:14     | Reached skill level 5 in Poison Magic
 20853 | D:14     | Killed Urug
 21396 | Orc:1    | Entered Level 1 of the Orcish Mines
 21692 | Orc:2    | Entered Level 2 of the Orcish Mines
 21937 | Orc:2    | Found a staircase to the Elven Halls.
 22060 | Orc:2    | Found Cevaleask's General Store.
 22078 | Orc:2    | Noticed an orc warlord
 22096 | Orc:2    | Killed an orc warlord
 22097 | Orc:2    | Reached skill level 5 in Stealth
 22270 | Orc:2    | Gained mutation: You are partially covered in thin metallic
                  | scales. (AC +2) [demonic ancestry]
 22270 | Orc:2    | Reached XP level 14. HP: 105/105 MP: 8/27
 22397 | Orc:2    | Found Kuquydishro's Antique Armour Shoppe.
 22545 | Orc:2    | Bought a pair of runed gloves for 210 gold pieces
 22591 | Orc:2    | Found Itofaimp's Antique Weapon Emporium.
 22705 | Orc:2    | Bought a bone dagger for 224 gold pieces
 22705 | Orc:2    | Identified the +2 dagger "Educirrou" {vorpal, rF+ Dex+3}
                  | (You bought it in a shop on level 2 of the Orcish Mines)
 22705 | Orc:2    | Bought a fine flail for 272 gold pieces
 22705 | Orc:2    | Identified the +5 flail "Efuogien" {venom, Fragile +Blink
                  | Int+8 Stlth-} (You bought it in a shop on level 2 of the
                  | Orcish Mines)
 23060 | Orc:2    | Found Oklekkeco's Book Shoppe.
 23129 | Orc:2    | Paralysed by an orc sorcerer for 5 turns
 24567 | D:13     | Bought a manual of Maces & Flails for 1120 gold pieces
 24920 | Lair:1   | Entered Level 1 of the Lair of Beasts
 24976 | Lair:1   | Acquired the ring of Darkness {Fire Int+7 Stlth+}
 25013 | Lair:1   | Found a dark tunnel.
 25069 | Volcano  | Entered a volcano
 25173 | Volcano  | Noticed a stone giant
 25180 | Volcano  | Killed a stone giant
 25181 | Volcano  | Reached skill level 1 in Maces & Flails
 25181 | Volcano  | Reached skill level 1 in Fire Magic
 25298 | Volcano  | Reached skill level 5 in Conjurations
 26156 | Lair:2   | Noticed Sonja
 26161 | Lair:2   | Killed Sonja
 26808 | Lair:2   | Noticed Gastronok
 26842 | Lair:2   | Killed Gastronok
 26966 | Lair:2   | Found a staircase to the Shoals.
 26968 | Lair:2   | Gained mutation: You occasionally shout uncontrollably at
                  | your foes. [potion of mutation]
 26968 | Lair:2   | Gained mutation: You are frail. (-10% HP) [potion of
                  | mutation]
 26968 | Lair:2   | Gained mutation: Your spells are a little harder to cast,
                  | but a little more powerful. [potion of mutation]
 27070 | Lair:2   | Found a hole to the Spider Nest.
 27401 | Lair:2   | Reached skill level 10 in Spellcasting
 27746 | Lair:2   | Learned a level 2 spell: Sublimation of Blood
 27796 | Lair:3   | Got the Papyrus of Unholy Dislocation
 27954 | Lair:3   | Noticed Jocziv's ghost (journeyman DjFE)
 28019 | Lair:3   | Found a runed translucent gate.
 28019 | Lair:3   | Found a runed translucent gate.
 28019 | Lair:3   | Found a runed translucent gate.
 28033 | Lair:3   | Reached skill level 1 in Necromancy
 28238 | Lair:3   | Killed Jocziv's ghost
 29434 | Lair:4   | You fall into a shaft and drop 1 floor!
 29740 | Lair:5   | Found a gate leading to a gauntlet.
 29749 | Gauntlet | Entered a Gauntlet
 29749 | Gauntlet | Found a transporter.
 29749 | Gauntlet | Found a transporter.
 29814 | Gauntlet | Found a transporter.
 29818 | Gauntlet | Found a transporter.
 29829 | Gauntlet | Found a transporter.
 29830 | Gauntlet | Found a transporter.
 29841 | Gauntlet | Found a transporter.
 29851 | Gauntlet | Noticed a reaper
 29854 | Gauntlet | Found a transporter.
 29868 | Gauntlet | Found a transporter.
 29872 | Gauntlet | Found a transporter.
 29874 | Gauntlet | Found a runed translucent gate.
 29874 | Gauntlet | Found a runed translucent gate.
 29874 | Gauntlet | Found a runed translucent gate.
 29880 | Gauntlet | Found a transporter.
 29884 | Gauntlet | Found a transporter.
 29936 | Gauntlet | Acquired the ring "Moppion" {Fly rC+ Will+ Dex+4 SInv}
 30039 | Gauntlet | Killed a reaper
 30040 | Gauntlet | Reached skill level 5 in Maces & Flails
 30040 | Gauntlet | Reached skill level 5 in Fire Magic
 30060 | Gauntlet | Identified the -5 pair of gloves of the True Pharaoh {Str+2
                  | Int-3 Dex+3 Stlth+}
 30086 | Gauntlet | Reached XP level 15. HP: 60/103 MP: 3/29
 30100 | Gauntlet | Identified the +3 crystal plate armour "Imeuzyl" {Str+4
                  | SInv}
 30442 | Lair:5   | Noticed Snorg
 30453 | Lair:5   | Killed Snorg
 31553 | Lair:5   | Learned a level 7 spell: Ozocubu's Refrigeration
 31583 | Lair:6   | Entered Level 6 of the Lair of Beasts
 32115 | Lair:6   | Found a runed translucent gate.
 32115 | Lair:6   | Found a runed translucent gate.
 32115 | Lair:6   | Found a runed translucent gate.
 32115 | Lair:6   | Noticed Westside's ghost (journeyman MiFi)
 32161 | Lair:6   | Reached skill level 10 in Fighting
 33216 | Lair:6   | Found a staircase to the Slime Pits.
 34012 | Lair:6   | Identified the +10 halberd of Avviv {holy, rF+ Str+3 Int-3
                  | Stlth+}
 34253 | Lair:6   | Killed Westside's ghost
 34949 | Lair:4   | Noticed Nessos
 34952 | Lair:4   | Killed Nessos
 36267 | Lair:4   | Bought the +3 pair of gloves of Quqas {Int+5} for 518 gold
                  | pieces
 36267 | Lair:4   | Bought a +2 buckler of protection for 301 gold pieces
 36292 | Lair:4   | Bought a scroll of magic mapping for 84 gold pieces
 36292 | Lair:4   | Bought a potion of haste for 240 gold pieces
 36962 | Shoals:1 | Entered Level 1 of the Shoals
 37400 | Shoals:1 | Reached skill level 14 in Ice Magic
 37485 | Shoals:1 | Noticed Louise
 37505 | Shoals:1 | Cast into level 2 of the Abyss (Louise)
 37505 | Abyss:2  | Found a corrupted altar of Lugonu.
 37510 | Abyss:2  | Found a hide-covered altar of Uskayaw.
 37546 | Shoals:1 | Escaped the Abyss
 37548 | Shoals:1 | Killed Louise
 37894 | Shoals:1 | Noticed Roxanne
 37951 | Shoals:1 | Killed from afar by Roxanne

Illustrated notes

Levels and vault maps discovered:
D:1:      dpeg_arrival_tiny_d, layout_basic
D:2:      layout_basic, shapermc_ecumenical_altar_totnotflames, serial_shops,
          nicolae_shop_overgrown_old_shop, supply_closet_lemuel
D:3:      layout_basic
D:4:      layout_basic, cheibrodos_sewer_entry_drain, uniq_duvessa
D:5:      layout_layer_cave, mainiacjoe_overflow_boulevard, serial_shops, shop
D:6:      layout_loops_ring, minmay_temple_entry_overgrown, serial_glass,
          glass_columns_b, glass_columns_c, uniq_blork_the_orc
D:7:      layout_layer_cave, serial_rivers, chequers_serial_rivers_micro_b,
          chequers_serial_rivers_room_b, chequers_serial_rivers_room_b,
          chequers_serial_rivers_marsh, nicolae_ossuary_entry_ruins
D:8:      layout_basic, grunt_lair_entry_orc_guard_hut,
          ebering_dispersal_statue_hall, uniq_amaemon, uniq_maggie
D:9:      layout_cave_pools, patterned_corridor
D:10:     layout_roguey, erik_orc_1, serial_shops, nicolae_shop_crystal,
          minmay_misc_feat_rugged
D:11:     layout_roguey [special_room_bee]
D:12:     layout_loops_ring, hellmonk_ghost_happy_afterlife, uniq_fannar
D:13:     layout_basic, corner_web_ring, minmay_shop_grid_forest
D:14:     layout_roguey, david_vaults_3, serial_corexii_hall,
          corexii_hall_statues_i, corexii_hall_statues_t,
          corexii_hall_statues_i, nemelex_spade_bored_becter
Temple:   mainiacjoe_temple_starburst
Lair:1:   layout_chaotic_city, nicolae_volcano_entry_lava_flow,
          beast_lair_carwin_1
Lair:2:   layout_cave_pods, minmay_shoals_entry_lonely_mermaid,
          nicolae_spider_entry_orb_guardian, lemuel_fruit_fields, uniq_sonja,
          uniq_gastronok
Lair:3:   layout_gridlike, gammafunk_ghost_icy, special_room,
          cheibrodos_lair_caveside_slide, eino_house_with_fridge
Lair:4:   wad_woods_structure_01, layout_regular_city, lemuel_fruit_tree,
          uniq_nessos
Lair:5:   layout_cave_pods, gauntlet_entry_generic, beast_lair_carwin_8,
          uniq_snorg
Lair:6:   grunt_lair_end_beastmaster, layout_regular_city,
          nicolae_slime_entry_slimehenge, ebering_ghost_rock_garden,
          cheibrodos_lair_lostbears, lemuel_fruit_fields
Shoals:1: layout_shoals, nicolae_shoals_circle_sea_wall,
          nicolae_shoals_water_elemental_grotto, uniq_roxanne, uniq_louise
Orc:1:    layout_diamond_mine
Orc:2:    grunt_orc_gardens, layout_caves, grunt_orc_garden, grunt_orc_garden,
          grunt_orc_garden, grunt_orc_garden

Skill      XL: |  1  2  3  4  5  6  7  8  9 10 11 12 13 14 15 |
---------------+----------------------------------------------+-----
Stealth        | 2 5 |  5.0
Dodging        | 2 3 4 5 6 7 9 |  9.9
Ice Magic      | 4 5 6 8 9 10 11 13 14 | 14.0
Evocations     | 1 2 4 |  4.0
Staves         | 1 2 3 4 |  4.0
Spellcasting   | 3 4 5 6 7 9 10 11 | 11.6
Fighting       | 1 3 5 6 8 9 10 | 10.4
Conjurations   | 1 3 4 6 |  6.4
Shields        | 1 3 4 5 |  5.5
Poison Magic   | 8 |  8.0
Maces & Flails | 5 6 |  6.4
Fire Magic     | 5 |  5.4
Necromancy     | 2 3 |  3.1

Action                   |  1- 3 |  4- 6 |  7- 9 | 10-12 | 13-15 || total
-------------------------+-------+-------+-------+-------+-------++-------
Melee: Unarmed           |    10 |       |       |       |       ||    10
       Staff             |    16 |    35 |    78 |   184 |    38 ||   351
       Tailslap          |     2 |     8 |    12 |    39 |   107 ||   168
       Flail             |       |       |       |       |   370 ||   370
Throw: Dart              |       |     2 |     2 |     8 |     9 ||    21
 Cast: Freeze            |    67 |    31 |    67 |     6 |    11 ||   182
       Frozen Ramparts   |     2 |     6 |    26 |    69 |    57 ||   160
       Ozocubu's Armour  |       |     4 |    28 |    59 |    71 ||   162
       Hailstorm         |       |       |       |    26 |    28 ||    54
       Olgreb's Toxic Ra |       |       |       |       |   198 ||   198
       Sublimation of Bl |       |       |       |       |     1 ||     1
       Ozocubu's Refrige |       |       |       |       |    60 ||    60
Invok: Call Merchant     |       |       |       |       |     2 ||     2
Evoke: Wand              |       |     3 |     1 |    14 |    20 ||    38
       Phantom mirror    |       |       |       |     1 |     5 ||     6
       Tin of tremorston |       |       |       |       |     2 ||     2
       Condenser vane    |       |       |       |       |     1 ||     1
  Use: Scroll            |       |     9 |     5 |    15 |    10 ||    39
       Potion            |       |       |       |     7 |    15 ||    22
 Stab: Sleeping          |     2 |     2 |       |       |     1 ||     5
       Distracted        |       |       |       |       |     3 ||     3
Armor: Robe              |    15 |     9 |    35 |    98 |    95 ||   252
Dodge: Dodged            |    51 |    29 |    79 |   269 |   310 ||   738
Block: Buckler           |       |     9 |    20 |    96 |   106 ||   231

Table legend: (Time is in decaauts)
 A = Elapsed time spent in this place.
 B = Non-inter-level travel time spent in this place.
 C = Inter-level travel time spent in this place.
 D = Time resting spent in this place.
 E = Time spent auto-exploring this place.
 F = Levels seen in this place.
 G = Mean time per level.
                   A        B        C        D        E       F      G
               +--------+--------+--------+--------+--------+-----+--------+
         Total |  38130 |  35046 |   3084 |   7497 |  21403 |  29 | 1314.8 |
       Dungeon |  19824 |  17880 |   1944 |   3485 |  11491 |  14 | 1416.0 |
        Temple |    708 |    558 |    150 |      0 |    550 |   1 |  708.0 |
          Lair |  11429 |  10717 |    712 |   2198 |   6658 |   6 | 1904.8 |
        Shoals |    940 |    940 |      0 |    559 |    237 |   1 |  940.0 |
  Orcish Mines |   3306 |   3030 |    276 |    884 |   1605 |   2 | 1653.0 |
         Abyss |     40 |     40 |      0 |      0 |      0 |   1 |   40.0 |
         Sewer |    470 |    470 |      0 |    100 |    296 |   1 |  470.0 |
       Ossuary |    715 |    715 |      0 |    229 |    317 |   1 |  715.0 |
       Volcano |    338 |    338 |      0 |     42 |    184 |   1 |  338.0 |
      Gauntlet |    356 |    356 |      0 |      0 |     64 |   1 |  356.0 |
               +--------+--------+--------+--------+--------+-----+--------+

Top non-repeatable levels by time:
  Lair:6: 2555 daAuts
     D:8: 2413 daAuts
    D:12: 2334 daAuts
  Lair:4: 2288 daAuts
  Lair:5: 2279 daAuts
     D:1: 2114 daAuts
   Orc:2: 2071 daAuts
  Lair:2: 1800 daAuts
  Lair:3: 1710 daAuts
    D:13: 1571 daAuts
    D:11: 1538 daAuts
     D:6: 1501 daAuts
     D:5: 1501 daAuts
     D:7: 1275 daAuts
   Orc:1: 1235 daAuts
